 Dungeon Crawl Stone Soup version 0.32-a0-699-g1ee5eff69a (webtiles) character file.

Game seed: 4847037549677765817

170 Sanktem7 the Chopper (level 5, 0/47 HPs)
             Began as a Minotaur Fighter on Mar 13, 2024.
             Slain by a gnoll
             ... wielding a +1 whip of venom
              (1 damage)
             ... on level 3 of the Dungeon.
             The game lasted 00:02:26 (1531 turns).

Sanktem7 the Chopper (Minotaur Fighter)             Turns: 1531, Time: 00:02:26

Health: 0/47       AC:  8    Str: 23    XL:     5   Next: 25%
Magic:  4/4        EV:  8    Int:  5    God:
Gold:   127        SH:  0    Dex:  9    Spells: 4/4 levels left

rFire   . . .        a - +0 war axe {axe}
rCold   . . .        c - +0 buckler
rNeg    . . .        b - +0 scale mail
rPois   .            (helmet restricted)
rElec   .            l - +0 cloak
rCorr   .            (no gloves)
SInv    .            (no boots)
Will    .....        (no amulet) Stlth
                     (no ring)
HPRegen 0.27/turn    (no ring)
MPRegen 0.09/turn

%: no passive effects
@: confused, lethally poisoned (0 -> -13), ambrosia-drunk
A: horns 2, retaliatory headbutt
a: no special abilities


You were on level 3 of the Dungeon.
You visited 1 branch of the dungeon, and saw 3 of its levels.

You collected 127 gold pieces.


Innate Abilities, Weirdness & Mutations

You have a pair of horns on your head.
You reflexively headbutt those who attack you in melee.


   Skills:
 + Level 4.5 Fighting
 * Level 4.5 Axes
 + Level 0.3 Throwing
 + Level 4.5 Armour
 + Level 4.5 Shields


You had 4 spell levels left.
You didn't know any spells.
Your spell library was empty.

Inventory:

Hand Weapons
 a - a +0 war axe (weapon) {axe}
Missiles
 e - 24 stones (quivered) {throwing}
Armour
 b - a +0 scale mail (worn)
 c - a +0 buckler (worn)
 l - a +0 cloak (worn)
   (You found it on level 2 of the Dungeon)
Scrolls
 f - a scroll of revelation {unknown}
 g - a scroll of teleportation {unknown}
 h - 3 scrolls of identify {unknown}
 k - a scroll of blinking {unknown}
 n - a scroll of immolation {unknown}
Potions
 d - a potion of might
 j - a potion of curing {unknown}

Dungeon Overview and Level Annotations

Branches:
Dungeon (3/15) Zot: 16404

Altars:
Qazlal

### ... #.# #.#
#.#
..####<########.#
.........)@)g.....
....###.#.gg.....#
#. #.#.#####g.#
#.#.# # #....
..S.. ##...# .....


You could see 3 gnolls, a hobgoblin and a ball python.


Message History

Done exploring.
Done exploring.
No target in view!
You enter the shallow water.
Moving in this stuff is going to be slow.
There is a stone staircase leading down here.
You start putting on your armour.
You continue putting on your +0 cloak. x4
You finish putting on your +0 cloak.
You drop an orb of energy.
You climb downwards.
The ball python hisses angrily.
There is a stone staircase leading up here.
A ball python is nearby!
A ball python is nearby!
A gnoll comes into view.
It is wielding a +2 flail of protection.
The gnoll shouts!
A gnoll comes into view. It is wielding a +1 whip of venom.
You closely miss the ball python.
The gnoll shouts!
The ball python bites you but does no damage.
You slash the ball python!
You kill the ball python!
A gnoll comes into view. It is wielding a +0 flail.
The gnoll shouts!
You hear an angry hiss.
You hear a shout!
Things that are here:
a +0 club {mace}; a metallic green potion; a ball python corpse The gnoll barely misses you.
You furiously retaliate!
You headbutt the gnoll! You barely miss the gnoll.
You headbutt the gnoll, but do no damage.
You slash the gnoll!
The gnoll hits you with a +2 flail of protection.
The gnoll hits you but does no damage.
You are poisoned. 😕 HP[-3]
You take 3 damage, and now have 44/47 hp.
You barely miss the gnoll. x2; You feel sick.
You block the gnoll's attack.
The gnoll hits you with a +1 whip of venom.
You are more poisoned.
The gnoll hits you with a +2 flail of protection.
The gnoll hits you with a +0 flail.
A gnoll comes into view. It is wielding a +0 spear. 😮 HP[-15]
You take 15 damage, and now have 29/47 hp.
MASSIVE DAMAGE!! (PAUSE)
The gnoll shouts!
You hit the gnoll but do no damage. You closely miss the gnoll. x2
You feel very sick.
You block the gnoll's attack. x2; The gnoll closely misses you. 😮 HP[-4]
You take 4 damage, and now have 25/47 hp.
You closely miss the gnoll. x2; You hit the gnoll but do no damage.
You feel very sick. You block the gnoll's attack.
The gnoll hits you with a +1 whip of venom.
* * * LOW HITPOINT WARNING * * *
The gnoll barely misses you. You furiously retaliate!
You headbutt the gnoll! 😨 HP[-5]
You take 5 damage, and now have 20/47 hp.
You hit the gnoll. You hit the gnoll but do no damage.
You closely miss the gnoll.
You feel sick. You block the gnoll's attack. x2
The gnoll hits you but does no damage. The gnoll completely misses you.
The gnoll hits you with a +1 whip of venom.
* * * LOW HITPOINT WARNING * * *
You are more poisoned.
The gnoll hits you but does no damage. 😨 HP[-3]
You take 3 damage, and now have 17/47 hp.
You hit the gnoll. You barely miss the gnoll. You hit the gnoll.
You kill the gnoll!
* * * LOW HITPOINT WARNING * * *
You feel very sick.
A ball python comes into view.
You block the gnoll's attack. The gnoll hits you but does no damage.
You block the gnoll's attack. 😨 HP[-5]
You take 5 damage, and now have 12/47 hp.
You barely miss the gnoll. x2
* * * LOW HITPOINT WARNING * * *
You feel very sick.
The ball python hisses angrily.
The gnoll hits you from afar with a +0 spear.
* * * LOW HITPOINT WARNING * * *
A hobgoblin comes into view.
The gnoll hits you with a +2 flail of protection.
* * * LOW HITPOINT WARNING * * *
The gnoll hits you with a +1 whip of venom.
* * * LOW HITPOINT WARNING * * *
You are more poisoned. 😱 HP[-11]
You take 11 damage, and now have 1/47 hp.
MASSIVE DAMAGE!! (PAUSE) It was a potion of ambrosia.
You are confused.
You feel invigorated.
* * * LOW HITPOINT WARNING * * *
You feel very sick.
The hobgoblin shouts!
You hear a shout!
The gnoll barely misses you. x2
The gnoll hits you with a +1 whip of venom.
You die...

Skill      XL: |  1  2  3  4 |
---------------+-------------+-----
Axes           | 3 4 |  4.5
Fighting       | 4 |  4.5
Armour         | 4 |  4.5
Shields        | 4 |  4.5
Throwing       | |  0.3

Action                     |  1- 3 |  4- 6 || total
---------------------------+-------+-------++-------
  Melee: War axe           |    70 |    32 ||   102
         Headbutt          |    13 |     4 ||    17
    Use: Potion            |       |     1 ||     1
 Armour: Scale mail        |    40 |    36 ||    76
  Dodge: Dodged            |    28 |    21 ||    49
  Block: Buckler           |    16 |    12 ||    28

Levels and vault maps discovered:
D:1:      psy_arrival_basics, layout_loops_ring
D:2:      layout_basic, basic_altar, nicolae_concentric_dashed_squares_wild,
          corexii_shack, st_stairs_11, chequers_serial_rivers_small_3,
          uniq_natasha
D:3:      layout_loops_ring, uniq_grinder

Notes
Turn   | Place    | Note
-------+----------+-------------------------------------------
     0 | D:1      | Sanktem7 the Minotaur Fighter began the quest for the Orb.
     0 | D:1      | Reached XP level 1. HP: 19/19 MP: 0/0
     0 | D:1      | magus.rc [v1.9.6]
   140 | D:1      | Reached XP level 2. HP: 26/27 MP: 1/1
   226 | D:1      | Reached skill level 3 in Axes
   703 | D:2      | Reached skill level 4 in Fighting
   707 | D:2      | Reached skill level 4 in Armour
   707 | D:2      | Reached skill level 4 in Shields
   707 | D:2      | Reached XP level 3. HP: 33/33 MP: 2/2
   992 | D:2      | Reached XP level 4. HP: 40/40 MP: 3/3
  1128 | D:2      | Found a stormy altar of Qazlal.
  1170 | D:2      | Noticed Natasha
  1176 | D:2      | Killed Natasha
  1177 | D:2      | Reached skill level 4 in Axes
  1181 | D:2      | Noticed Natasha
  1187 | D:2      | Killed Natasha
  1378 | D:2      | Noticed Natasha
  1390 | D:2      | Killed Natasha
  1391 | D:2      | Reached XP level 5. HP: 23/47 MP: 4/4
  1530 | D:3      | HP: 9/47 [poisoned by a gnoll]
  1530 | D:3      | HP: 4/47 [gnoll/+0 spear (5)]
  1530 | D:3      | HP: 1/47 [gnoll/+1 whip of venom (2)]
  1531 | D:3      | Slain by a gnoll

Vanquished Creatures
  Natasha (thrice) (D:2)
  A gnoll (D:3)
  4 adders (D:2)
  A ribbon worm (D:2)
  5 endoplasms
  3 giant cockroaches
  6 goblins
  6 hobgoblins
  6 kobolds
  A quokka (D:2)
  3 ball pythons
  3 bats (D:2)
  4 frilled lizards
  3 rats
49 creatures vanquished.

Table legend:
 A = Non-vault XP
 B = Vault XP
 C = Vault XP percentage of total XP
 D = Non-vault monster count
 E = Vault monster count
 F = Vault count percentage of total count
                 A         B        C        D         E       F
            +---------+---------+-------+---------+---------+-------
      Total |     197 |      46 |  18.9 |      43 |       6 |  12.2
            +---------+---------+-------+---------+---------+-------
        D:1 |      34 |       0 |   0.0 |      20 |       0 |   0.0
        D:2 |     148 |      46 |  23.7 |      21 |       6 |  22.2
        D:3 |      15 |       0 |   0.0 |       2 |       0 |   0.0
            +---------+---------+-------+---------+---------+-------

Skill      XL: |  1  2  3  4 |
---------------+-------------+-----
Axes           | 3 4 |  4.5
Fighting       | 4 |  4.5
Armour         | 4 |  4.5
Shields        | 4 |  4.5
Throwing       | |  0.3

Action                     |  1- 3 |  4- 6 || total
---------------------------+-------+-------++-------
  Melee: War axe           |    70 |    32 ||   102
         Headbutt          |    13 |     4 ||    17
    Use: Potion            |       |     1 ||     1
 Armour: Scale mail        |    40 |    36 ||    76
  Dodge: Dodged            |    28 |    21 ||    49
  Block: Buckler           |    16 |    12 ||    28

Illustrated notes

Table legend:
 A = Kills in this place as a percentage of kills in the entire game.
 B = Kills by you in this place as a percentage of kills by you in the entire game.
 C = Kills by friends in this place as a percentage of kills by friends in the entire game.
 D = Other kills in this place as a percentage of other kills in the entire game.
 E = Experience gained in this place as a percentage of experience gained in the entire game.
 F = Experience gained in this place divided by the number of levels of this place that you have seen.
                   A       B       C       D       E      F
               +-------+-------+-------+-------+-------+----------------------
         Total | 100.0 | 100.0 |   N/A |   N/A | 100.0 |  81.0
       Dungeon | 100.0 | 100.0 |   N/A |   N/A | 100.0 |  81.0
               +-------+-------+-------+-------+-------+----------------------

Table legend: (Time is in decaauts)
 A = Elapsed time spent in this place.
 B = Non-inter-level travel time spent in this place.
 C = Inter-level travel time spent in this place.
 D = Time resting spent in this place.
 E = Time spent auto-exploring this place.
 F = Levels seen in this place.
 G = Mean time per level.
                   A        B        C        D        E       F      G
               +--------+--------+--------+--------+--------+-----+--------+
         Total |   1594 |   1541 |     53 |      0 |   1262 |   3 |  531.3 |
       Dungeon |   1594 |   1541 |     53 |      0 |   1262 |   3 |  531.3 |
               +--------+--------+--------+--------+--------+-----+--------+

Top non-repeatable levels by time:
     D:2: 866 daAuts
     D:1: 712 daAuts
     D:3: 15 daAuts
